 Dungeon Crawl Stone Soup version 0.23-a0-644-gb60d84b635 (webtiles) character file.

15903 dadf the Cleaver (level 12, 0/105 HPs)
             Began as a Pale Draconian Berserker on Jan 2, 2019.
             Was a High Priest of Trog.
             Slain by an unseen horror (10 damage)
             ... on level 10 of the Dungeon.
             The game lasted 02:25:24 (16059 turns).

dadf the Cleaver (Pale Draconian Berserker)        Turns: 16059, Time: 02:25:24

Health: 0/105      AC:  6    Str: 23    XL:     12   Next: 5%
Magic:  12/12      EV: 16    Int:  8    God:    Trog [*****.]
Gold:   698        SH:  0    Dex: 12    Spells: 11/11 levels left

rFire    . . .     SeeInvis .   X - +2 broad axe (vamp)
rCold    . . .     Gourm    .   (no shield)
rNeg     . . .     Faith    .   (armour unavailable)
rPois    .         Spirit   .   (helmet restricted)
rElec    .         Reflect  .   O - +0 cloak
rCorr    .         Harm     .   g - +0 pair of gloves of the Nine Demons {+Blink}
MR       +....                  (no boots)
Stlth    ++........             N - amulet of regeneration
HPRegen  0.67/turn              s - ring of protection from magic
MPRegen  0.13/turn              Q - ring of wizardry

@: marked, corroded, hasted, very quick
A: breathe steam, unfitting armour, hooves 1, mutation resistance 1, wild magic
1, cold-blooded, AC +8
a: Breathe Steam, Berserk, Trog's Hand, Brothers in Arms, Renounce Religion,
Evoke Blink


You were on level 10 of the Dungeon.
You worshipped Trog.
Trog was extremely pleased with you.
You were not hungry.

You visited 3 branches of the dungeon, and saw 13 of its levels.
You also visited: Ossuary.

You collected 698 gold pieces.

Inventory:

Hand Weapons
 a - a +0 hand axe
 e - a +1 broad axe of flaming
 h - a +0 mace
 l - a cursed -1 club
 m - a +0 club
 x - a +0 war axe
 H - the +2 hand axe of Hepliaklqana's Envy {freeze, Str+3 Dex+2}
   (You found it on level 5 of the Dungeon)

   It has been specially enchanted to freeze those struck by it, causing extra
   injury to most foes and up to half again as much damage against particularly
   susceptible opponents.
   It can also slow down cold-blooded creatures.
   It affects your strength (+3).
   It affects your dexterity (+2).
 X - a +2 vampiric broad axe (weapon)
Missiles
 o - 4 tomahawks (quivered)
Armour
 c - a scarf of cloud immunity
 f - a +0 pair of gloves
 g - the +0 pair of gloves of the Nine Demons (worn) {+Blink}
   (You found it on level 4 of the Dungeon)

   It lets you blink.
 i - a +0 leather armour
 k - a +1 buckler
 O - a +0 cloak (worn)
 S - a cursed +0 shield
Jewellery
 q - an uncursed amulet of magic regeneration
 s - a ring of protection from magic (left hand)
 N - an amulet of regeneration (around neck)
 Q - a ring of wizardry (right hand)
Wands
 v - a wand of polymorph (16)
 J - a wand of iceblast (10)
 V - a wand of paralysis (5)
Scrolls
 p - 7 scrolls of teleportation
 y - 3 scrolls of random uselessness
 C - 3 scrolls of fog {unknown}
 F - 5 scrolls of remove curse
 G - a scroll of immolation {unknown}
 I - 5 scrolls of magic mapping
 K - 2 scrolls of amnesia {unknown}
 L - 3 scrolls of noise {unknown}
 M - a scroll of torment {unknown}
 P - 3 scrolls of enchant armour
 R - a scroll of enchant weapon {unknown}
 U - a scroll of blinking {unknown}
 W - a scroll of vulnerability {unknown}
Potions
 d - a potion of heal wounds
 j - 2 potions of curing
 n - 2 potions of mutation
 r - 2 potions of resistance
 t - a potion of magic {unknown}
 u - 3 potions of haste
 w - 2 potions of might
 z - a potion of agility {unknown}
 A - 10 potions of degeneration
 B - a potion of brilliance {unknown}
 D - 4 potions of flight {unknown}
 E - 2 potions of lignification
Comestibles
 b - 14 rations
 T - a chunk of flesh


   Skills:
 + Level 9.5 Fighting
 + Level 13.0 Axes
 + Level 3.1 Throwing
 + Level 8.7 Dodging
 + Level 4.7 Stealth
 + Level 6.1 Shields
 + Level 0.7 Evocations


You had 11 spell levels left.
You didn't know any spells.
Your spell library was empty.

Dungeon Overview and Level Annotations

Branches:
Dungeon (11/15)            Temple (1/1) D:5            Lair (0/6) D:11
    Orc (1/2) D:10

Altars:
Ashenzari
Cheibriados
Dithmenos
Elyvilon
Fedhas
Gozag
Hepliaklqana
Kikubaaqudgha
Makhleb
Nemelex Xobeh
Okawaru
Qazlal
Ru
Sif Muna
Trog
Uskayaw
Vehumet
Wu Jian
Xom
Yredelemnul
Zin
The Shining One
Beogh

Shops:
D:8 }   D:9 [


Innate Abilities, Weirdness & Mutations

You can breathe blasts of scalding, opaque steam.
Your pale cyan-grey scales are hard. (AC +8)
You cannot fit into any form of body armour.
You are cold-blooded and may be slowed by cold attacks.
You have large cloven feet.
You are somewhat resistant to further mutation.
Your spells are a little harder to cast, but a little more powerful.


Message History

You have got your breath back.
There is a stone staircase leading down here.
Something barely misses you. Something hits you.
* * * LOW HITPOINT WARNING * * *
Deactivating autopickup; reactivate with Ctrl-A.
Something hits you.
* * * LOW HITPOINT WARNING * * *
You feel better. Something hits you.
* * * LOW HITPOINT WARNING * * *
Something barely misses you.
You feel better. Something hits you.
* * * LOW HITPOINT WARNING * * *
Something hits you!
* * * LOW HITPOINT WARNING * * *
Okay, then.
Okay, then.
You fail to use your ability.
Something hits you.
* * * LOW HITPOINT WARNING * * *
Something hits you!
You die...

#...# #.......
########...#
#.......
#..........#
#..####.
#..........# #..#
#. #..........#
#..# #.
#..........# #..#
#.
#..........####..#
#.
#.......[........#
#.
#....@>..).......#
#.
#.....{..#########
#.
#........8#.....#
#.
#......[..#.[(..#
#.
#.....)>[.'[._..#
#.
#.....[[..#).)..#
#.
#........8#.....#
#.
#........#########
#)
#......(.(...)...#
#.


There were no monsters in sight!

Vanquished Creatures
  2 hydras
  A two-headed ogre (D:10)
  A death yak (D:11)
  An unseen horror (D:11)
  A cyclops (D:11)
  2 gargoyles
  3 hippogriffs
  2 hornets
  Grinder (D:5)
  2 dream sheep (D:8)
  Sigmund (D:6)
  A spriggan (D:8)
  Eustachio (D:5)
  18 yaks
  A hungry ghost (D:8)
  A warg (D:10)
  A water moccasin (D:9)
  A porcupine (D:11)
  5 orc warriors
  4 ice beasts
  5 sky beasts
  A black bear (D:8)
  7 ogres
  4 phantoms
  8 centaurs
  5 big kobolds
  3 bullfrogs
  A wyvern skeleton (D:9)
  6 scorpions
  5 killer bees (D:11)
  2 howler monkeys (D:8)
  8 wights (D:9)
  3 crimson imps
  A quasit (D:11)
  5 bullfrog zombies
  2 human zombies (Ossuary)
  4 hounds
  A jelly (D:6)
  5 orc priests
  A centaur skeleton (D:9)
  An iguana (D:4)
  2 bullfrog skeletons
  Ijyb (D:3)
  14 orc wizards
  5 worker ants
  4 hound zombies
  4 mummies (Ossuary)
  A howler monkey zombie (D:8)
  A worker ant zombie (D:11)
  4 gnolls (D:5)
  16 adders
  8 river rats
  3 shadow imps
  An ooze (D:1)
  An adder zombie (D:9)
  An adder skeleton (D:9)
  4 worms
  2 dart slugs (D:2)
  5 leopard geckos
  41 orcs
  3 ball pythons
  9 bats
  6 giant cockroaches
  4 goblins
  6 hobgoblins
  11 jackals
  10 quokkas
  2 frilled lizards
  A gnoll zombie (Ossuary)
  2 hobgoblin zombies (Ossuary)
  13 kobolds
  2 kobold zombies (Ossuary)
  An orc zombie (Ossuary)
  21 rats
  8 plants (D:8)
345 creatures vanquished.

Vanquished Creatures (collateral kills)
  The ghost of Armakuni the Thaumaturge, a novice HuWz of Vehumet (D:8)
  2 spriggans (D:8)
3 creatures vanquished.

Vanquished Creatures (others)
  2 fungi (D:8)
  7 plants (D:8)
9 creatures vanquished.

Grand Total: 357 creatures vanquished

Notes
Turn   | Place    | Note
-------+----------+-------------------------------------------
     0 | D:1      | dadf the Draconian Berserker began the quest for the Orb.
     0 | D:1      | Reached XP level 1. HP: 19/19 MP: 1/1
   173 | D:1      | Reached XP level 2. HP: 23/26 MP: 2/2
  1372 | D:2      | Reached XP level 3. HP: 33/33 MP: 3/3
  1863 | D:2      | Reached ** piety under Trog
  2098 | D:2      | Reached XP level 4. HP: 28/40 MP: 4/4
  2331 | D:2      | Reached skill level 4 in Axes
  2723 | D:2      | Found a sacrificial altar of Ru.
  3068 | D:3      | Noticed Ijyb
  3073 | D:3      | Killed Ijyb
  3330 | D:3      | Reached XP level 5. HP: 36/46 MP: 5/5
  3338 | D:3      | Found a shimmering altar of Xom.
  4006 | D:4      | Reached skill level 1 in Stealth
  4043 | D:4      | Found a blossoming altar of Fedhas.
  4389 | D:4      | Noticed a sky beast
  4405 | D:4      | Killed a sky beast
  4405 | D:4      | Reached skill level 5 in Axes
  4405 | D:4      | Reached skill level 1 in Shields
  4405 | D:4      | Reached XP level 6. HP: 52/52 MP: 6/6
  4482 | D:4      | Noticed an ice beast
  4509 | D:4      | Killed an ice beast
  4705 | D:4      | Got a pair of transparent gloves
  4716 | D:4      | Identified the cursed +0 pair of gloves of the Nine Demons
                  | {+Blink} (You found it on level 4 of the Dungeon)
  4786 | D:4      | Your scales start taking on a pale cyan-grey colour.
  4786 | D:4      | Reached XP level 7. HP: 27/60 MP: 7/7
  4892 | D:4      | Reached skill level 6 in Axes
  5011 | D:4      | Reached *** piety under Trog
  5828 | D:4      | Reached skill level 1 in Throwing
  5859 | D:4      | Reached skill level 5 in Fighting
  6075 | D:5      | Entered Level 5 of the Dungeon
  6100 | D:5      | Found a staircase to the Ecumenical Temple.
  6183 | D:5      | Found a sand-covered staircase.
  6188 | Ossuary  | Entered an ossuary
  6218 | Ossuary  | Reached skill level 5 in Dodging
  6470 | Ossuary  | Reached XP level 8. HP: 56/68 MP: 8/8
  6588 | Temple   | Entered the Ecumenical Temple
  6927 | D:5      | Got a smoking hand axe
  6928 | D:5      | Identified the cursed +2 hand axe of Hepliaklqana's Envy
                  | {freeze, Str+3 Dex+2} (You found it on level 5 of the
                  | Dungeon)
  7324 | D:5      | Noticed Eustachio
  7510 | D:5      | Killed Eustachio
  7728 | D:5      | Reached skill level 7 in Axes
  7908 | D:5      | Reached **** piety under Trog
  8054 | D:5      | Noticed Grinder
  8107 | D:5      | Paralysed by Grinder for 6 turns
  8120 | D:5      | Killed Grinder
  8903 | D:6      | Found a glowing silver altar of Zin.
  8987 | D:6      | Noticed Sigmund
  9009 | D:6      | Reached XP level 9. HP: 52/75 MP: 9/9
  9399 | D:6      | Killed Sigmund
  9399 | D:6      | Reached skill level 8 in Axes
 10072 | D:7      | Reached ***** piety under Trog
 10689 | D:8      | Found an iron altar of Okawaru.
 10752 | D:8      | Received a gift from Trog
 10756 | D:8      | Reached skill level 9 in Axes
 10772 | D:8      | Found Vuehos Comu's Gadget Boutique.
 11416 | D:8      | Found a runed door.
 11417 | D:8      | Identified the cursed +3 trident "Fitifi" {pain, +Rage rC+
                  | Int+3}
 11423 | D:8      | Noticed Armakuni's ghost (novice HuWz)
 11456 | D:8      | Killed Armakuni's ghost
 11459 | D:8      | Reached XP level 10. HP: 79/86 MP: 10/10
 11654 | D:8      | Noticed a three-headed hydra
 11666 | D:8      | Killed a one-headed hydra
 11666 | D:8      | Reached skill level 10 in Axes
 12377 | D:8      | Gained mutation: Your spells are a little harder to cast,
                  | but a little more powerful. [potion of mutation]
 12377 | D:8      | Gained mutation: You are clumsy. (Dex -2) [potion of
                  | mutation]
 12377 | D:8      | Gained mutation: Your magical capacity is low. (-10% MP)
                  | [potion of mutation]
 12377 | D:8      | Gained mutation: You have sharp toenails. [potion of
                  | mutation]
 12383 | D:8      | Lost mutation: You are clumsy. (Dex -2) [potion of
                  | mutation]
 12383 | D:8      | Lost mutation: You have sharp toenails. [potion of
                  | mutation]
 12383 | D:8      | Lost mutation: Your spells are a little harder to cast, but
                  | a little more powerful. [potion of mutation]
 12383 | D:8      | Gained mutation: Your body sometimes deteriorates upon
                  | taking damage. [potion of mutation]
 12383 | D:8      | Gained mutation: Your spells are a little harder to cast,
                  | but a little more powerful. [potion of mutation]
 12384 | D:8      | Lost mutation: Your body sometimes deteriorates upon taking
                  | damage. [potion of mutation]
 12384 | D:8      | Lost mutation: Your magical capacity is low. (-10% MP)
                  | [potion of mutation]
 12384 | D:8      | Gained mutation: You are somewhat resistant to further
                  | mutation. [potion of mutation]
 12384 | D:8      | Gained mutation: You have large cloven feet. [potion of
                  | mutation]
 12728 | D:9      | Reached skill level 5 in Shields
 12731 | D:9      | Reached skill level 11 in Axes
 12825 | D:9      | Noticed a four-headed hydra
 12834 | D:9      | Killed a two-headed hydra
 12834 | D:9      | Reached XP level 11. HP: 49/95 MP: 11/11
 12839 | D:9      | Found Joiwader's Antique Armour Emporium.
 13348 | D:9      | Found a sparkling altar of Nemelex Xobeh.
 13831 | D:10     | Entered Level 10 of the Dungeon
 13988 | D:10     | Noticed a two-headed ogre
 13998 | D:10     | Killed a two-headed ogre
 14293 | D:10     | Reached skill level 12 in Axes
 14595 | D:10     | Found a staircase to the Orcish Mines.
 14665 | D:10     | Found a roughly hewn altar of Beogh.
 14673 | D:10     | Received a gift from Trog
 14852 | Orc:1    | Entered Level 1 of the Orcish Mines
 15374 | D:11     | Killed an unseen horror
 15516 | D:11     | Found a staircase to the Lair.
 15516 | D:11     | Noticed a death yak
 15518 | D:11     | Noticed a death yak
 15519 | D:11     | Noticed a death yak
 15527 | D:11     | Killed a death yak
 15527 | D:11     | Reached skill level 13 in Axes
 15527 | D:11     | Reached XP level 12. HP: 57/105 MP: 10/12
 15998 | D:11     | Received a gift from Trog
 16050 | D:11     | HP: 4/105 [centaur/arrow (10)]
 16059 | D:10     | Slain by an unseen horror

Vault maps used:
D:1:      shiori_shiawase, minmay_misc_feat_secret_circle
D:2:      first_ration, nicolae_ru_path_of_blood
D:3:      brannock_xom_greatest_gift, uniq_ijyb
D:4:      minmay_razor_zed, chequers_jeans, solitary_fountain,
          minmay_misc_feat_ornament, fedhas_altar_2
D:5:      lemuel_ratsnest, minmay_temple_entry_tees, enter_ossuary_2,
          uniq_grinder, uniq_eustachio
D:6:      overflow_temple_1_default, dk_noncrumbling_4, uniq_sigmund
D:8:      ebering_ghost_funeral_grove, serial_shops, kennysheep_mini_moat,
          hangedman_ranch, serial_bayou_pond_e, okawaru_ov_weapons_minmay
D:9:      old_standard_altar, serial_shops, nicolae_shop_trees,
          hangedman_decor_clover_reticule
D:10:     minmay_orc_entry_temple_small
D:11:     dpeg_lair_monsters
Temple:   regret_index_temple_chain_breaker
Orc:1:    basic_altar, uniq_urug
Ossuary:  ossuary_crypta

Skill      XL: |  1  2  3  4  5  6  7  8  9 10 11 |
---------------+----------------------------------+-----
Dodging        | 3 4 5 6 7 8 |  8.7
Axes           | 4 5 6 7 9 11 13 | 13.0
Fighting       | 4 5 6 7 8 9 |  9.5
Stealth        | 1 2 3 4 |  4.7
Shields        | 1 2 4 5 6 |  6.1
Throwing       | 1 2 3 |  3.1
Evocations     | |  0.7

Action                   |  1- 3 |  4- 6 |  7- 9 | 10-12 || total
-------------------------+-------+-------+-------+-------++-------
Melee: Hand axe          |   106 |   197 |   390 |       ||   693
       Tailslap          |    13 |    25 |    76 |    43 ||   157
       War axe           |       |       |    67 |       ||    67
       Broad axe         |       |       |    26 |   343 ||   369
       Kick              |       |       |       |    72 ||    72
Throw: Tomahawk          |       |       |    14 |    15 ||    29
Invok: Berserk           |     3 |     4 |     4 |     3 ||    14
       Brothers in Arms  |       |       |     2 |       ||     2
       Trog's Hand       |       |       |       |     2 ||     2
 Abil: Evoke Blink       |       |     1 |     1 |     3 ||     5
       Breathe Steam     |       |       |    14 |    17 ||    31
  Use: Scroll            |       |    10 |     4 |     3 ||    17
       Potion            |       |       |     1 |     9 ||    10
 Stab: Sleeping          |       |       |       |     2 ||     2
  Eat: Ration            |     1 |       |     5 |     4 ||    10
       Chunk             |     2 |    13 |     9 |    13 ||    37
Armor: Skin              |    68 |    46 |   111 |    96 ||   321
Dodge: Dodged            |   133 |   123 |   306 |   336 ||   898
Block: Buckler           |    13 |    32 |   113 |    99 ||   257

Table legend:
 A = Non-vault XP
 B = Vault XP
 C = Vault XP percentage of total XP
 D = Non-vault monster count
 E = Vault monster count
 F = Vault count percentage of total count
                 A         B        C        D         E       F
            +---------+---------+-------+---------+---------+-------
      Total |   16411 |    6308 |  27.8 |     258 |      82 |  24.1
            +---------+---------+-------+---------+---------+-------
        D:1 |      26 |       0 |   0.0 |      14 |       0 |   0.0
        D:2 |     112 |       0 |   0.0 |      30 |       0 |   0.0
        D:3 |      49 |     103 |  67.8 |      14 |       2 |  12.5
        D:4 |     349 |     548 |  61.1 |      18 |      11 |  37.9
        D:5 |     504 |     631 |  55.6 |      21 |      28 |  57.1
        D:6 |     556 |     231 |  29.4 |      11 |       1 |   8.3
        D:7 |     630 |       0 |   0.0 |      15 |       0 |   0.0
        D:8 |    1161 |    3255 |  73.7 |      24 |      13 |  35.1
        D:9 |    3800 |       0 |   0.0 |      39 |       0 |   0.0
       D:10 |    4309 |     335 |   7.2 |      37 |       7 |  15.9
       D:11 |    4724 |    1036 |  18.0 |      32 |       8 |  20.0
      Orc:1 |     191 |       0 |   0.0 |       3 |       0 |   0.0
    Ossuary |       0 |     169 | 100.0 |       0 |      12 | 100.0
            +---------+---------+-------+---------+---------+-------
